 Dungeon Crawl Stone Soup version 0.23.0 (webtiles) character file.

Game seed: 501512429386212515

369 Inarius the Twirler (level 6, -2/46 HPs)
             Began as a Draconian Wanderer on Feb 13, 2019.
             Was an Initiate of Hepliaklqana.
             Slain by a gnoll
             ... wielding a +0 halberd
              (11 damage)
             ... on level 5 of the Dungeon.
             The game lasted 00:06:03 (4297 turns).

Inarius the Twirler (Draconian Wanderer)            Turns: 4297, Time: 00:06:04

Health: -2/46      AC:  7    Str: 13    XL:     6   Next: 41%
Magic:  7/7        EV: 13    Int: 14    God:    Hepliaklqana [......]
Gold:   93         SH:  0    Dex: 12    Spells: 5/5 levels left

rFire    . . .     SeeInvis .   a - +5 quarterstaff
rCold    . . .     Gourm    .   (shield currently unavailable)
rNeg     . . .     Faith    .   (armour unavailable)
rPois    .         Spirit   .   (helmet restricted)
rElec    .         Reflect  .   j - +0 cloak
rCorr    .         Harm     .   (no gloves)
MR       .....                  (no boots)
Stlth    ++........             (no amulet)
HPRegen  0.15/turn              (no ring)
MPRegen  0.10/turn              (no ring)

@: no status effects
A: unfitting armour, reduced essence, cold-blooded, AC +6
a: Recall Ancestor, Ancestor Identity, Renounce Religion


You were on level 5 of the Dungeon.
You worshipped Hepliaklqana.
Hepliaklqana was noncommittal.
You were not hungry.

You visited 2 branches of the dungeon, and saw 6 of its levels.

You collected 223 gold pieces.
You spent 130 gold pieces at shops.

Inventory:

Hand Weapons
 a - a +5 quarterstaff (weapon)
Missiles
 k - 6 tomahawks (quivered)
Armour
 j - a +0 cloak (worn)
Magical Staves
 h - an uncursed staff of energy
Scrolls
 b - 3 scrolls of teleportation
 e - a scroll of blinking
 g - 3 scrolls of remove curse
 l - a scroll of immolation
 q - a scroll of enchant armour
 s - 2 scrolls of amnesia {unknown}
 t - a scroll of noise
 v - a scroll of identify
 x - a scroll of enchant weapon
Potions
 c - 2 potions of curing
 f - 2 potions of agility
 i - a potion of cancellation {unknown}
 m - 2 potions of brilliance {unknown}
 n - a potion of resistance {unknown}
 p - 3 potions of degeneration {unknown}
 r - 2 potions of heal wounds {unknown}
 u - a potion of might {unknown}
 w - a potion of invisibility {unknown}
Comestibles
 d - 6 rations
 o - 2 chunks of flesh


   Skills:
 + Level 3.7 Fighting
 + Level 6.1 Staves
 + Level 1.2 Throwing
 + Level 3.0 Dodging
 - Level 1.0 Stealth
   Level 1.0 Shields
 * Level 1.6 Invocations


You had 5 spell levels left.
You didn't know any spells.
Your spell library was empty.

Dungeon Overview and Level Annotations

Branches:
Dungeon (5/15)             Temple (1/1) D:4

Altars:
Ashenzari
Cheibriados
Dithmenos
Elyvilon
Fedhas
Hepliaklqana
Kikubaaqudgha
Makhleb
Okawaru
Ru
Sif Muna
Trog
Uskayaw
Vehumet
Wu Jian
Yredelemnul
Zin
The Shining One

Shops:
D:4 [*[(%


Innate Abilities, Weirdness & Mutations

Your plain brown scales are hard. (AC +6)
You cannot fit into any form of body armour.
You are cold-blooded and may be slowed by cold attacks.
Your life essence is reduced to manifest your ancestor. (-10% HP)


Message History

A gnoll comes into view. It is wielding a +0 halberd.
Mbali hits the gnoll.
You strike the helpless gnoll from behind!
You sock the gnoll!
You kill the gnoll!
The gnoll hits you but does no damage. The gnoll closely misses you.
Mbali hits the gnoll but does no damage.
You hit the gnoll.
The gnoll is heavily wounded.
The gnoll barely misses you.
Mbali hits the gnoll.
The gnoll hits you from afar with a +0 halberd!
* * * LOW HITPOINT WARNING * * *
You catch the helpless gnoll completely off-guard!
You hit the gnoll.
The gnoll is almost dead.
The gnoll hits you but does no damage.
Mbali hits the gnoll.
The gnoll dies!
A gnoll comes into view. It is wielding a +0 spear.
The gnoll hits you from afar with a +0 halberd!
You die...

......_... #.####.
##........# #......
....##.#..# ######. ###.
#.#..# #.. # .....# #..
####### . #.. #.....# .#
#####.. #.....####g#
####......
#......@.g(####.........
#.....#.R†...##.##......
#.....#.#..#.##.######..
## #######.#..#.##.# #..
...# #.#....##.# #..
#...#######.#.##.##.#
#.. #.............##.#
#. #................#
#.#.##.##.......#..#


You could see the friendly Mbali the ancestor and 2 gnolls.

Vanquished Creatures
  A scorpion (D:4)
  A howler monkey (D:5)
  2 hound skeletons
  A gnoll (D:5)
  A howler monkey skeleton (D:4)
  3 adders
  An ooze (D:2)
  A worm (D:2)
  A dart slug (D:2)
  A leopard gecko (D:3)
  9 orcs
  A ball python (D:2)
  7 bats
  3 giant cockroaches
  6 goblins
  10 hobgoblins
  4 jackals (D:1)
  4 kobolds
  7 frilled lizards
  8 rats
72 creatures vanquished.

Vanquished Creatures (collateral kills)
  A scorpion (D:5)
  A howler monkey (D:4)
  A gnoll shaman (D:5)
  A gnoll (D:5)
  An orc (D:4)
5 creatures vanquished.

Grand Total: 77 creatures vanquished

Notes
Turn   | Place    | Note
-------+----------+-------------------------------------------
     0 | D:1      | Inarius the Draconian Wanderer began the quest for the Orb.
     0 | D:1      | Inarius set off with the following items: a +2
                  | quarterstaff, a scroll of teleportation, a potion of
                  | curing, a ration
     0 | D:1      | Reached XP level 1. HP: 17/17 MP: 1/1
    95 | D:1      | Reached XP level 2. HP: 16/24 MP: 2/2
  1064 | D:1      | Reached XP level 3. HP: 27/30 MP: 3/3
  1865 | D:2      | Reached skill level 5 in Staves
  2068 | D:2      | Reached XP level 4. HP: 32/37 MP: 4/4
  2584 | D:3      | Found a snail-covered altar of Cheibriados.
  3409 | D:4      | Reached XP level 5. HP: 40/45 MP: 5/5
  3414 | D:4      | Reached skill level 1 in Stealth
  3516 | D:4      | Found Olufeb's Antique Armour Emporium.
  3524 | D:4      | Bought a cloak for 94 gold pieces
  3554 | D:4      | Found Kemitic's General Store.
  3557 | D:4      | Bought a scroll of remove curse for 36 gold pieces
  3573 | D:4      | Found a staircase to the Ecumenical Temple.
  3620 | D:4      | Found Asing's Armour Emporium.
  3653 | Temple   | Entered the Ecumenical Temple
  3755 | Temple   | Became a worshipper of Hepliaklqana the Forgotten
  3879 | D:4      | Found Besoete's Antique Weapon Emporium.
  3911 | D:4      | Found Xamiolom's Food Emporium.
  4191 | D:5      | Entered Level 5 of the Dungeon
  4191 | D:5      | Found a hide-covered altar of Uskayaw.
  4191 | D:5      | Found a white marble altar of Elyvilon.
  4191 | D:5      | Found a glowing golden altar of the Shining One.
  4191 | D:5      | Found an iron altar of Okawaru.
  4209 | D:5      | Reached skill level 1 in Invocations
  4209 | D:5      | Reached XP level 6. HP: 41/45 MP: 6/6
  4264 | D:5      | Reached skill level 6 in Staves
  4297 | D:5      | Slain by a gnoll

Skill      XL: |  1  2  3  4  5  6 |
---------------+-------------------+-----
Dodging        | 2 3 |  3.0
Staves         | 5 6 |  6.1
Fighting       | 3 |  3.7
Stealth        | 1 |  1.0
Invocations    | 1 |  1.6
Throwing       | |  1.2
Shields        | |  1.0

Action                   |  1- 3 |  4- 6 || total
-------------------------+-------+-------++-------
Melee: Quarterstaff      |   105 |   112 ||   217
       Tailslap          |     8 |    10 ||    18
Throw: Tomahawk          |       |     7 ||     7
  Use: Scroll            |       |     9 ||     9
 Stab: Sleeping          |     1 |     1 ||     2
       Distracted        |       |     3 ||     3
  Eat: Chunk             |     4 |     7 ||    11
Armor: Skin              |    36 |    25 ||    61
Dodge: Dodged            |    68 |    73 ||   141
